 Dungeon Crawl Stone Soup version 0.30.1-9-gdf580d7c3d (webtiles) character file.

Game seed: 6186604427265474597

36 ChiefBigBeans the Trooper (level 3, 0/29 HPs)
             Began as a Demonspawn Fighter on Oct 5, 2023.
             Slain by Sigmund
             ... wielding a +0 scythe
              (2 damage)
             ... on level 2 of the Dungeon.
             The game lasted 00:02:02 (832 turns).

ChiefBigBeans the Trooper (Demonspawn Fighter)       Turns: 832, Time: 00:02:03

Health: 0/29       AC: 15    Str: 18    XL:     3   Next: 19%
Magic:  3/3        EV:  9    Int:  7    God:
Gold:   41         SH:  0    Dex: 12    Spells: 2/2 levels left

rFire   x . .        a - +0 war axe
rCold   . . .        c - +0 buckler
rNeg    . . .        b - +0 scale mail
rPois   .            (no helmet)
rElec   .            (no cloak)
rCorr   .            (no gloves)
SInv    .            (no boots)
Will    .....        (no amulet) Stlth
                     (no ring)
HPRegen 0.24/turn    (no ring)
MPRegen 0.08/turn

%: no passive effects
@: confused, sanguine armoured
A: sanguine armour 2, dopey 1, mutation resistance 1, heat vulnerability 1
a: no special abilities


You were on level 2 of the Dungeon.
You visited 1 branch of the dungeon, and saw 2 of its levels.

You collected 41 gold pieces.

Inventory:

Hand Weapons
 a - a +0 war axe (weapon)
 l - a +0 sling
Armour
 b - a +0 scale mail (worn)
 c - a +0 buckler (worn)
Potions
 d - a potion of might
 e - a potion of berserk rage
 m - a potion of curing


   Skills:
 + Level 3.5 Fighting
 + Level 2.4 Axes
 - Level 2.6 Armour
 + Level 3.1 Shields


You had 2 spell levels left.
You didn't know any spells.
Your spell library was empty.

Dungeon Overview and Level Annotations

Branches:
Dungeon (2/15)

Altars:

Annotations:
D:2 Sigmund


Innate Abilities, Weirdness & Mutations

When seriously injured, your blood forms thick armour. (AC +9)
You are dopey. (Int -2)
You are somewhat resistant to further mutation.
You are vulnerable to heat. (rF-)


Message History

l - a +0 sling (weapon)
HP restored.
A kobold comes into view. It is wielding a +0 dagger.
The kobold shouts!
You shoot a sling bullet. The sling bullet hits the kobold.
You kill the kobold!
No target in view!
Sigmund the Dreaded comes into view.
He is wielding a +0 scythe.
You shoot a sling bullet.
The sling bullet closely misses Sigmund.
Sigmund shouts!
Sigmund mumbles some strange words.
Sigmund flickers and vanishes!
Deactivating autopickup; reactivate with Ctrl-A.
No target in view!
No target in view!
a - a +0 war axe (weapon)
Found 7 gold pieces.
Something hits you.
You see here a +0 dagger.
Something hits you but does no damage.
You barely miss something. Something hits you!
You miss something. Something hits you but does no damage.
You closely miss something.
You hear some strange, mumbled words.
A puff of flame appears from out of thin air!
The puff of flame misses you.
You slash something! Something hits you.
Your blood congeals into armour.
You closely miss something. Something hits you but does no damage.
You miss something. Something hits you.
You closely miss something.
You hear some strange, mumbled words.
A puff of flame appears from out of thin air!
The puff of flame hits you! The fire burns you terribly!
* * * LOW HITPOINT WARNING * * *
You hit something. Something hits you but does no damage.
You closely miss something.
You hear some strange, mumbled words.
You are confused.
Something hits you.
You die...

#########......#
.......#......#..
#.....#......#.#
#..............#
#.....#......#
#............#
#.....##.....#
#.....##.....#
#...<.##)@...#
##....##.{...#
#######.....#
#.....# #.....#
###..... .$....
...... ......


There were no monsters in sight!

Vanquished Creatures
  An adder (D:2)
  4 endoplasms (D:1)
  6 hobgoblins (D:1)
  2 kobolds
  4 ball pythons (D:1)
  2 bats (D:1)
  2 frilled lizards (D:1)
  2 goblins (D:1)
  2 rats (D:1)
25 creatures vanquished.

Notes
Turn   | Place    | Note
-------+----------+-------------------------------------------
     0 | D:1      | ChiefBigBeans the Demonspawn Fighter began the quest for
                  | the Orb.
     0 | D:1      | Reached XP level 1. HP: 18/18 MP: 1/1
    60 | D:1      | Found a faded altar of an unknown god.
   225 | D:1      | Gained mutation: When seriously injured, your blood forms
                  | armour. (AC +9) [demonic ancestry]
   225 | D:1      | Reached XP level 2. HP: 24/24 MP: 2/2
   745 | D:1      | Gained mutation: You are vulnerable to heat. (rF-) [potion
                  | of mutation]
   745 | D:1      | Gained mutation: You are dopey. (Int -2) [potion of
                  | mutation]
   745 | D:1      | Gained mutation: You are somewhat resistant to further
                  | mutation. [potion of mutation]
   797 | D:2      | Gained mutation: When seriously injured, your blood forms
                  | thick armour. (AC +9) [demonic ancestry]
   797 | D:2      | Reached XP level 3. HP: 26/29 MP: 3/3
   816 | D:2      | Noticed Sigmund
   829 | D:2      | HP: 1/29 [something/puff of flame (12)]
   832 | D:2      | Slain by Sigmund

Illustrated notes

Levels and vault maps discovered:
D:1:      dpeg_arrival_tiny_a, layout_rooms, dreamdust_ecumenical_altar_grove,
          kennysheep_decorative_pillar, st_stairs_5, supply_closet_lemuel
D:2:      layout_basic, uniq_sigmund

Skill      XL: |  1  2 |
---------------+-------+-----
Axes           | 2 |  2.4
Shields        | 3 |  3.1
Fighting       | |  3.5
Armour         | |  2.6

Action                     || total
---------------------------++-------
  Melee: War axe           ||    74
   Fire: Sling             ||    24
    Use: Scroll            ||     7
         Potion            ||     1
 Armour: Scale mail        ||    66
  Dodge: Dodged            ||    30
  Block: Buckler           ||    26
